 Dungeon Crawl Stone Soup version 0.19-a0-414-g76fec5b (webtiles) character file.

60 wvc the Skirmisher (level 3, 0/34 HPs)
             Began as a Mummy Wanderer on May 31, 2016.
             Killed from afar by Natasha (9 damage)
             ... with a magic dart
             ... on level 2 of the Dungeon.
             The game lasted 00:03:37 (1936 turns).

wvc the Skirmisher (Mummy Wanderer)                 Turns: 1936, Time: 00:03:37

Health: 0/34       AC:  6    Str: 14    XL:     3   Next: 82%
Magic:  3/3        EV: 11    Int: 14    God:
Gold:   102        SH:  0    Dex: 10    Spells: 0 memorised, 2 levels left

rFire  x . .     SeeInvis .     c - -2 morningstar (curse)
rCold  + . .     Gourm    .     e - +0 leather armour
rNeg   + + +     Faith    .     (no shield)
rPois  ∞         Spirit   .     (no helmet)
rElec  .         Dismiss  .     (no cloak)
rCorr  .         Reflect  .     g - +2 pair of gloves
SustAt .         Harm     .     (no boots)
MR     .....                    (no amulet)
Stlth  +.........               (no ring)
                                (no ring)

@: drained, not resistant to hostile enchantments, very unstealthy
A: no food or potions, fire vulnerability, cold resistance 1, negative energy
resistance 3, torment resistance, unbreathing
a: no special abilities


You were on level 2 of the Dungeon.
You were not hungry.

You visited 1 branch of the dungeon, and saw 2 of its levels.

You collected 102 gold pieces.

Inventory:

Hand Weapons
 a - a +2 hand axe
 c - a cursed -2 morningstar (weapon)
Missiles
 d - 126 stones (quivered)
Armour
 e - a +0 leather armour (worn)
 g - a +2 pair of gloves (worn)
Scrolls
 b - 2 scrolls of teleportation


   Skills:
 - Level 6.0(5.1) Fighting
 * Level 2.2(1.5) Axes
 - Level 1.0(0.2) Throwing
 + Level 1.2(0.4) Armour
 + Level 1.7(0.9) Dodging
 - Level 1.0(0.2) Stealth


You had 2 spell levels left.
You didn't know any spells.

Dungeon Overview and Level Annotations

Branches:
Dungeon (2/15)

Altars:

Annotations:
D:2 Jessica, Natasha


Innate Abilities, Weirdness & Mutations

You do not eat or drink.
Your flesh is vulnerable to fire.
You are immune to poison.
Your flesh is cold resistant. (rC+)
You are immune to negative energy. (rN+++)
You are immune to unholy pain and torment.
You can survive without breathing.


Message History

Natasha barely misses you.
You closely miss Natasha.
Natasha is lightly wounded.
Natasha barely misses you. Natasha claws you.
You barely miss Natasha.
Natasha is lightly wounded.
Natasha claws you but does no damage.
You hit Natasha but do no damage.
Natasha is lightly wounded.
Natasha claws you.
* * * LOW HITPOINT WARNING * * *
Natasha claws you but does no damage.
You hit Natasha.
Natasha is heavily wounded.
Natasha barely misses you.
You hit Natasha.
Natasha is almost dead.
Natasha stares at you and mumbles some strange words.
The magic dart hits you!
You die...

....!........>........#.#
########.####...!.#...#.#
########.#**#.†...#####.#
......##.##.......#####.#
#####.##.##.####.....##.#
.# #.##.##.* #.###.##.#
.# #....)#.* #.# #.##.#
.## ####..#.####.###.##.#
..# #...#.#...@.#.....#
#.## #..##.#+###h..#####
#..# #..##.........#
##'####..##........(#
#..%.....##..†h....##
#!.......##.#'######
#...........#'#****
#......#.#.....,,,*
###+####........,,*


You could see Natasha.

Vanquished Creatures
  Natasha (D:2)
  2 dart slugs
  2 ball pythons (D:1)
  2 goblins (D:1)
  3 hobgoblins
  3 jackals (D:1)
  A quokka (D:2)
  4 bats
  6 kobolds
  6 rats
30 creatures vanquished.

Notes
Turn   | Place    | Note
--------------------------------------------------------------
     0 | D:1      | wvc the Mummy Wanderer began the quest for the Orb.
     0 | D:1      | wvc set off with: a +2 hand axe, 2 scrolls of teleportation, a +0 robe
     0 | D:1      | Reached XP level 1. HP: 22/22 MP: 1/1
   268 | D:1      | wvc: hi
   509 | D:1      | Reached XP level 2. HP: 22/28 MP: 2/2
   937 | D:1      | Reached skill level 1 in Dodging
  1242 | D:2      | Noticed Jessica
  1486 | D:2      | Noticed Natasha
  1498 | D:2      | Noticed a crimson imp
  1500 | D:2      | Noticed a crimson imp
  1503 | D:2      | Killed Natasha
  1503 | D:2      | Reached XP level 3. HP: 14/34 MP: 3/3
  1920 | D:2      | Noticed Natasha
  1936 | D:2      | Killed from afar by Natasha

Vault maps used:
D:1:      dpeg_arrival_renting
D:2:      first_bread, ecumenical_altar_1, uniq_jessica, uniq_natasha,
          uniq_terence

Skill      XL: |  1  2 |
---------------+-------+-----
Dodging        | 1 |  1.7
Axes           | 2 |  2.2
Fighting       | |  6.0
Throwing       | |  1.0
Armour         | |  1.2
Stealth        | |  1.0

Action                   || total
-------------------------++-------
Melee: Hand axe          ||    51
       Morningstar       ||    73
Throw: Stone             ||     8
  Use: Scroll            ||     2
Armor: Robe              ||     9
       Leather armour    ||    37
Dodge: Dodged            ||    92
